 Dungeon Crawl Stone Soup version 0.29.1-1-gd02db6906a (webtiles) character file.

Game seed: 8172726628885606823

11808 Ashen the Frost Mage (level 11, -1/79 (80) HPs)
             Began as a Demonspawn Ice Elementalist on Sept 24, 2022.
             Was an Elder of Vehumet.
             Succumbed to a killer bee's poison
             ... on level 10 of the Dungeon.
             The game lasted 00:33:58 (14967 turns).

Ashen the Frost Mage (Demonspawn Ice Elementalist) Turns: 14967, Time: 00:33:58

HP:   -1/79 (80)    AC: 13    Str: 10    XL:     11   Next: 54%
MP:   17/21         EV: 14    Int: 26    God:    Vehumet [****..]
Gold: 261           SH:  0    Dex: 13    Spells: 10/24 levels left

rFire   . . .      SeeInvis .   L - +8 rapier of Agony {vorpal, Will++ Stlth+}
rCold   . . .      Faith    +   (no shield)
rNeg    . . .      Spirit   .   h - +0 leather armour {Will+}
rPois   .          Reflect  .   d - +2 hat {Stlth+}
rElec   .          Harm     .   t - +1 cloak
rCorr   +          Rampage  .   N - +0 pair of gloves
Will    +++..                   B - +0 pair of boots
Stlth   +++++.....              D - amulet of faith
HPRegen 0.23/turn               f - +6 ring of intelligence
MPRegen 0.17/turn               A - ring of flight

@: lethally poisoned (-1 -> -15), flying, slowed, lightly drained, very slow
A: antennae 1, yellow scales 3, powered by death 2
a: Renounce Religion


You were on level 10 of the Dungeon.
You worshipped Vehumet.
Vehumet was greatly pleased with you.
You visited 1 branch of the dungeon, and saw 11 of its levels.
You also visited: Bailey.

You collected 645 gold pieces.
You spent 384 gold pieces at shops.

Inventory:

Hand Weapons
 y - a +4 great sword of freezing
 L - the +8 rapier of Agony (weapon) {vorpal, Will++ Stlth+}
   (You found it on level 8 of the Dungeon)

   It inflicts extra damage upon your enemies.
   Will:      It greatly increases your willpower.
   Stlth:     It makes you more stealthy.
Missiles
 j - 3 throwing nets
 l - 29 javelins
 q - 22 poisoned darts (quivered)
 r - 3 atropa-tipped darts
 O - a curare-tipped dart
Armour
 d - a +2 hat of stealth (worn)
 h - a +0 leather armour of willpower (worn)
 t - a +1 cloak (worn)
 B - a +0 pair of boots (worn)
 N - a +0 pair of gloves (worn)
Magical Staves
 a - a staff of conjuration
Jewellery
 f - a +6 ring of intelligence (left hand)
 o - a +6 ring of intelligence
 A - a ring of flight (right hand)
 D - an amulet of faith (around neck)
 G - a ring of protection from cold
 P - a ring of protection from fire
Wands
 g - a wand of charming (14)
 p - a wand of quicksilver (18)
 w - a wand of digging (5)
 Q - a wand of iceblast (3)
 R - a wand of flame (13)
Scrolls
 c - 5 scrolls of fog
 e - 10 scrolls of identify
 i - 3 scrolls of enchant weapon {unknown}
 m - a scroll of immolation {unknown}
 s - 2 scrolls of brand weapon {unknown}
 u - 3 scrolls of noise {unknown}
 x - 3 scrolls of enchant armour
 E - 9 scrolls of teleportation
 F - a scroll of magic mapping
 H - a scroll of torment {unknown}
 I - a scroll of blinking
 J - a scroll of vulnerability {unknown}
Potions
 b - a potion of magic
 k - a potion of resistance
 n - 2 potions of flight
 v - 5 potions of curing
 z - 2 potions of invisibility
 C - 2 potions of mutation
 K - a potion of cancellation
 M - a potion of degeneration {unknown}


   Skills:
 + Level 5.5 Fighting
 + Level 2.0 Short Blades
 + Level 7.0 Dodging
 - Level 5.0 Stealth
 + Level 7.1 Spellcasting
 * Level 8.5 Conjurations
 * Level 9.5 Ice Magic
 + Level 2.6 Air Magic


You had 10 spell levels left.
You knew the following spells:

 Your Spells              Type           Power      Damage    Failure   Level
a - Freeze                Ice            100%       1d11      1%          1
b - Frozen Ramparts       Ice            100%       1d16      1%          3
c - Ozocubu's Armour      Ice            56%        N/A       1%          3
d - Hailstorm             Conj/Ice       54%        3d12      1%          4
e - Mephitic Cloud        Conj/Pois/Air  28%        N/A       1%          3

Your spell library contained the following spells:

 Spells                   Type           Power      Damage    Failure   Level
 Lightning Bolt           Conj/Air       19%        1d33      7%          5
 Foxfire                  Conj/Fire      100%       2x1d9     1%          1
 Conjure Flame            Conj/Fire      31%        6-21      1%          3
 Stone Arrow              Conj/Erth      62%        3d10      1%          3
 Sandblast                Erth           18%        2d7       2%          1
 Flame Wave               Conj/Fire      31%        2d9       4%          4
 Inner Flame              Hex/Fire       9%         N/A       7%          3
 Necrotise                Necr           36%        1d5       9%          1
 Slow                     Hex            36%        N/A       9%          1
 Call Canine Familiar     Summ           9%         N/A       26%         3
 Confusing Touch          Hex            9%         N/A       26%         3
 Portal Projectile        Hex/Tloc       18%        N/A       26%         3
 Vampiric Draining        Necr           9%         2d6       26%         3
 Lee's Rapid Deconstruct  Erth           4%         3d6*      50%         5
 Yara's Violent Unravell  Hex/Tmut       4%         3d4       50%         5
 Corpse Rot               Necr/Pois/Air  13%        N/A       52%         4
 Dispel Undead            Necr           9%         3d8       63%         4
 Leda's Liquefaction      Hex/Erth       4%         N/A       63%         4
 Death Channel            Necr           4%         N/A       100%        6
 Statue Form              Tmut/Erth      6%         N/A       100%        6
 Enfeeble                 Hex            4%         N/A       100%        7


Dungeon Overview and Level Annotations

Branches:
Dungeon (11/15)            Temple (0/1) D:6            Lair (0/5) D:8
 Bailey (visited)
    Orc: D:9-12

Altars:
Ashenzari
Dithmenos
Fedhas
Gozag
Hepliaklqana
Kikubaaqudgha
Nemelex Xobeh
Okawaru
Qazlal
Trog
Uskayaw
Vehumet
Wu Jian
Xom

Shops:
D:4 *   D:6 **   D:7 ?

Annotations:
D:4 Grinder
D:5 Edmund, Menkaure
D:11 Josephine


Innate Abilities, Weirdness & Mutations

You have a pair of small antennae on your head.
You are completely covered in yellow scales. (AC +4, rCorr)
You regenerate health from kills.


Message History

The wraith hits you but does no damage.
You feel very sick.
The cyclops shouts!
The killer bee stings you.
You are more poisoned.
The killer bee poisons you! The killer bee misses you.
The cyclops throws a large rock.
The large rock hits you!!
The kobold demonologist casts a spell.
The killer bee barely misses you. x2
The killer bee buzzes angrily.
A kobold demonologist comes into view. It is wielding a +0 dagger.
The kobold demonologist shouts!
You hear a shout! x2
You hear an angry buzzing noise.
The killer bee attacks as you move away!
The killer bee stings you but does no damage.
The wraith attacks as you move away! The wraith barely misses you.
You feel very sick. The killer bee stings you!
* * * LOW HITPOINT WARNING * * *
The killer bee stings you but does no damage. x2
The kobold demonologist moves out of view.
There is a stone staircase leading up here.
You feel very sick.
The killer bee stings you but does no damage.
The killer bee completely misses you. The killer bee misses you.
The killer bee stings you.
* * * LOW HITPOINT WARNING * * *
The orc completely misses you. The wraith hits you.
* * * LOW HITPOINT WARNING * * *
The wraith drains your vigour!
You feel as though you will be slow longer.
The kobold demonologist casts a spell.
The killer bee stings you.
* * * LOW HITPOINT WARNING * * *
The killer bee stings you.
* * * LOW HITPOINT WARNING * * *
You are more poisoned.
The killer bee poisons you! The killer bee barely misses you.
You fly upwards.
You die...

######## #############
#......# #........[..#
#.####.#
#.#####.###.########.####.#
#.# #.###.##..........#.#
#.# #..##o##.#####.##.#.#
#.# #....y@y.# #.##.#.#
#.#####..##W#### #......#
#...........# ####..##
###...##.#### ##.# #...##.#
####### #.# #...##.#
#.....#######.# ##.#.##.#
#..........##.# #.......#
#.)...####.##.# #.##.##.#
#.....####.##.#


You could see a wraith, 2 killer bees and an orc.

Vanquished Creatures
  Gastronok (D:9)
  Harold (D:10)
  2 two-headed ogres
  Maurice (D:10)
  A gargoyle (D:7)
  Psyche (D:10)
  A kobold demonologist (D:8)
  A troll (D:11)
  A wraith (D:7)
  2 wyverns
  Eustachio (D:5)
  4 vampire mosquitoes
  3 steam dragons (D:8)
  4 water moccasins
  An acid dragon (D:9)
  13 orc warriors
  3 sky beasts
  14 centaurs
  5 ogres
  4 kobold brigands
  6 bullfrogs
  5 scorpions
  3 necrophages (D:8)
  10 wights
  4 killer bees (D:10)
  5 howler monkeys
  2 jellies
  Crazy Yiuf (D:5)
  2 hounds
  3 orc priests
  3 iguanas
  2 orc wizards
  3 gnolls (D:6)
  3 adders
  2 shadow imps (D:6)
  2 white imps
  An ufetubus (D:3)
  4 dart slugs
  2 worms
  44 orcs
  10 endoplasms
  4 giant cockroaches
  7 goblins
  11 hobgoblins
  2 jackals (D:2)
  2 quokkas (D:1)
  4 ball pythons
  4 bats
  6 frilled lizards
  21 kobolds
  6 rats
248 creatures vanquished.

Vanquished Creatures (others)
  8 fungi (D:4)
8 creatures vanquished.

Grand Total: 256 creatures vanquished

Notes
Turn   | Place    | Note
-------+----------+-------------------------------------------
     0 | D:1      | Ashen the Demonspawn Ice Elementalist began the quest for
                  | the Orb.
     0 | D:1      | Reached XP level 1. HP: 13/13 MP: 3/3
   524 | D:1      | Gained mutation: You are partially covered in yellow
                  | scales. (AC +2) [demonic ancestry]
   524 | D:1      | Reached XP level 2. HP: 19/19 MP: 3/5
  1264 | D:1      | Reached XP level 3. HP: 24/24 MP: 6/6
  1753 | D:2      | Reached skill level 4 in Ice Magic
  2021 | D:2      | Found a radiant altar of Vehumet.
  2030 | D:2      | Became a worshipper of Vehumet
  2045 | D:2      | Reached XP level 4. HP: 30/30 MP: 7/7
  2049 | D:2      | Learned a level 3 spell: Frozen Ramparts
  2053 | D:2      | Learned a level 3 spell: Ozocubu's Armour
  3311 | D:3      | Noticed a scorpion
  3321 | D:3      | Killed a scorpion
  3322 | D:3      | Reached XP level 5. HP: 32/35 MP: 1/9
  3428 | D:3      | Reached * piety under Vehumet
  3428 | D:3      | Offered knowledge of Shock by Vehumet.
  4025 | D:4      | Found Mupreiv's General Store.
  4183 | D:4      | Noticed an ogre
  4184 | D:4      | Noticed Grinder
  4219 | D:4      | Found a blossoming altar of Fedhas.
  4693 | D:4      | Killed an ogre
  4694 | D:4      | Gained mutation: You regenerate a little health from kills.
                  | [demonic ancestry]
  4694 | D:4      | Reached XP level 6. HP: 15/41 MP: 0/11
  4953 | D:5      | Entered Level 5 of the Dungeon
  5127 | D:5      | Noticed Edmund
  5314 | D:5      | Noticed Menkaure
  5324 | D:5      | Gained mutation: You regenerate health from kills. [demonic
                  | ancestry]
  5324 | D:5      | Reached XP level 7. HP: 8/46 MP: 8/12
  5582 | D:5      | Reached skill level 5 in Ice Magic
  5764 | D:5      | Noticed Eustachio
  5783 | D:5      | Killed Eustachio
  5985 | D:5      | Found a runed translucent door.
  5994 | D:5      | Identified the +7 hammer of Herafe {vorpal, Dex+2}
  6019 | D:5      | Noticed Crazy Yiuf
  6027 | D:5      | Killed Crazy Yiuf
  6729 | D:5      | Learned a level 4 spell: Hailstorm
  6946 | D:6      | Noticed a two-headed ogre
  6972 | D:6      | Killed a two-headed ogre
  6973 | D:6      | Reached skill level 1 in Fighting
  6973 | D:6      | Reached skill level 5 in Stealth
  6973 | D:6      | Reached skill level 6 in Ice Magic
  6973 | D:6      | Gained mutation: You are mostly covered in yellow scales.
                  | (AC +3) [demonic ancestry]
  6973 | D:6      | Reached XP level 8. HP: 52/55 MP: 7/15
  7232 | D:6      | Reached skill level 5 in Spellcasting
  7344 | D:6      | Found a sparkling altar of Nemelex Xobeh.
  7398 | D:6      | Found a staircase to the Ecumenical Temple.
  7437 | D:6      | Reached skill level 5 in Dodging
  7617 | D:6      | Found Vapnoosy's Specific Store.
  7618 | D:6      | Found Togudotz's General Store.
  7622 | D:6      | Bought a scroll of magic mapping for 82 gold pieces
  7622 | D:6      | Bought a scroll of teleportation for 33 gold pieces
  7622 | D:6      | Bought a scroll of teleportation for 33 gold pieces
  7622 | D:6      | Bought a scroll of teleportation for 33 gold pieces
  7926 | D:6      | Reached XP level 9. HP: 61/61 MP: 16/16
  8126 | D:6      | Found a bloodstained altar of Trog.
  8157 | D:6      | Found a radiant altar of Vehumet.
  8219 | D:6      | Found a shimmering altar of Xom.
  8379 | D:7      | Noticed a gargoyle
  8743 | D:7      | Reached skill level 7 in Ice Magic
  8804 | D:7      | Killed a gargoyle
  8805 | D:7      | Reached skill level 5 in Conjurations
  8913 | D:7      | Offered knowledge of Static Discharge by Vehumet.
  9008 | D:7      | Reached ** piety under Vehumet
  9021 | D:7      | Found Hohodei's Magic Scroll Shop.
  9028 | D:7      | Bought a scroll of blinking for 105 gold pieces
  9028 | D:7      | Bought a scroll of teleportation for 42 gold pieces
  9028 | D:7      | Bought a scroll of identify for 28 gold pieces
  9028 | D:7      | Bought a scroll of identify for 28 gold pieces
  9420 | D:7      | Found a hazy altar of Hepliaklqana.
  9446 | D:7      | Found a shadowy altar of Dithmenos.
  9863 | D:8      | Identified the +8 rapier of Agony {vorpal, Will++ Stlth+}
  9896 | D:8      | Noticed a kobold demonologist
  9907 | D:8      | Noticed an ice devil
  9912 | D:8      | Killed a kobold demonologist
  9920 | D:8      | Gained mutation: You have a pair of small antennae on your
                  | head. [demonic ancestry]
  9920 | D:8      | Reached XP level 10. HP: 71/71 MP: 13/18
  9950 | D:8      | Found a stormy altar of Qazlal.
  9959 | D:8      | Found a staircase to the Lair.
  9975 | D:8      | Found a flagged portal.
  9987 | Bailey   | Entered a bailey
 10092 | Bailey   | Offered knowledge of Dazzling Flash by Vehumet.
 10161 | Bailey   | Reached skill level 8 in Ice Magic
 10196 | Bailey   | Reached *** piety under Vehumet
 10894 | Bailey   | Identified the +2 executioner's axe "Baliexzi" {antimagic,
                  | Dex+3}
 10896 | Bailey   | Got the Teachings on Necromancy and Grit
 11463 | Bailey   | Offered knowledge of Mephitic Cloud by Vehumet.
 11653 | Bailey   | Learned a level 3 spell: Mephitic Cloud
 11818 | D:8      | Found a hide-covered altar of Uskayaw.
 12036 | D:8      | Reached skill level 1 in Air Magic
 12260 | D:8      | Found an ancient bone altar of Kikubaaqudgha.
 12391 | D:8      | Found an iron altar of Okawaru.
 12399 | D:8      | Found a broken altar of Ashenzari.
 12563 | D:9      | Noticed a two-headed ogre
 12574 | D:9      | Killed a two-headed ogre
 12575 | D:9      | Reached skill level 5 in Fighting
 12575 | D:9      | Gained mutation: You are completely covered in yellow
                  | scales. (AC +4, rCorr) [demonic ancestry]
 12575 | D:9      | Reached XP level 11. HP: 63/79 MP: 19/21
 12782 | D:9      | Reached skill level 9 in Ice Magic
 12783 | D:9      | Reached **** piety under Vehumet
 13076 | D:9      | Noticed Gastronok
 13286 | D:9      | Killed Gastronok
 13287 | D:9      | Reached skill level 1 in Short Blades
 13696 | D:10     | Entered Level 10 of the Dungeon
 13804 | D:10     | Noticed Maurice
 13815 | D:10     | Killed Maurice
 13988 | D:10     | Offered knowledge of Lightning Bolt by Vehumet.
 14030 | D:10     | Noticed Harold
 14042 | D:10     | Killed Harold
 14383 | D:10     | Noticed Psyche
 14402 | D:10     | Killed Psyche
 14478 | D:10     | Found an ornate altar of the Wu Jian Council.
 14487 | D:10     | Found an opulent altar of Gozag.
 14704 | D:11     | Noticed Josephine
 14947 | D:11     | Noticed a skeletal warrior
 14949 | D:11     | Noticed a skeletal warrior
 14951 | D:11     | Noticed a skeletal warrior
 14967 | D:10     | Succumbed to a killer bee's poison

Illustrated notes

Levels and vault maps discovered:
D:1:      ncdulo_halloftheorcs, layout_loops_ring
D:2:      layout_loops_ring, basic_altar, kennysheep_generic_room_13
D:3:      layout_loops_cross
D:4:      layout_loops_ring, fedhas_altar_2, serial_aquarium,
          aquarium_bridge_square [aquarium_subvault_wall,
          aquarium_subvault_bridge, aquarium_subvault_bridge,
          aquarium_subvault_wall], aquarium_window_3, aquarium_window_fake,
          aquarium_view_2c, aquarium_view_2c, aquarium_pool_side, serial_shops,
          shop, uniq_grinder
D:5:      layout_loops_ring, nicolae_tso_carved_into_rock, uniq_menkaure,
          uniq_crazy_yiuf_cottage, uniq_eustachio, uniq_edmund
D:6:      layout_loops_ring, mainiacjoe_overflow_two_lobes, lemuel_round_altar,
          nemelex_dance_club_becter, minmay_temple_entry_proselytizer,
          nicolae_specific_store, dk_rats_in_the_wall
D:7:      minmay_chambers_of_sixes, layout_cave_pods,
          riverfiend_overflow_shadow_ancestor, serial_shops,
          nicolae_shop_behind_doors, nrook_loot_triangle
D:8:      layout_loops_cross, overflow_temple_1_default,
          amethyst_overflow_temple_binary, general_overflow_altar,
          enter_bailey_2, kennysheep_pointless_box, minmay_ruined_shrine
D:9:      layout_cave_pods, uniq_gastronok
D:10:     layout_loops_cross, lemuel_round_altar, mainiacjoe_overflow_swirl,
          uniq_psyche, uniq_maurice, uniq_harold
D:11:     layout_rooms, orc_0_dummy, minmay_misc_feat_ornament, uniq_josephine

Skill      XL: |  1  2  3  4  5  6  7  8  9 10 11 |
---------------+----------------------------------+-----
Dodging        | 2 3 4 5 6 7 |  7.0
Stealth        | 2 3 4 5 |  5.0
Ice Magic      | 4 6 7 8 9 |  9.5
Spellcasting   | 3 4 5 6 7 |  7.1
Fighting       | 1 2 3 5 |  5.5
Conjurations   | 3 4 6 7 8 |  8.5
Air Magic      | 1 2 |  2.6
Short Blades   | 2 |  2.0

Action                   |  1- 3 |  4- 6 |  7- 9 | 10-12 || total
-------------------------+-------+-------+-------+-------++-------
Melee: Unarmed           |    40 |       |       |       ||    40
       Short sword       |    31 |    52 |       |       ||    83
       Rapier            |       |    16 |    57 |   143 ||   216
       Punch             |       |     1 |     2 |     2 ||     5
       Mace              |       |       |    50 |       ||    50
Throw: Dart              |       |       |     7 |    26 ||    33
       Throwing net      |       |       |     1 |       ||     1
 Cast: Freeze            |    59 |    67 |    47 |    22 ||   195
       Frozen Ramparts   |       |     4 |    21 |    32 ||    57
       Ozocubu's Armour  |       |     2 |    16 |    27 ||    45
       Hailstorm         |       |       |     2 |    21 ||    23
       Mephitic Cloud    |       |       |       |     7 ||     7
  Use: Scroll            |       |     2 |     8 |       ||    10
       Potion            |       |       |     2 |     4 ||     6
 Stab: Sleeping          |    10 |     8 |     1 |     8 ||    27
       Confused          |       |       |       |     3 ||     3
       Distracted        |       |       |       |     1 ||     1
Armor: Robe              |    16 |       |       |       ||    16
       Leather armour    |    23 |    41 |    66 |   102 ||   232
Dodge: Dodged            |    66 |    87 |   145 |   204 ||   502
